Map: Black Site 2E

Players

Tazbo

  • Race: Protoss Protoss
  • Spawn Location: 5:00

Matzazz

  • Race: Terran Terran
  • Spawn Location: 3:00

RatBstrd

  • Race: Protoss Protoss
  • Spawn Location: 6:00

Alebay - Winner!

  • Race: Protoss Protoss
  • Spawn Location: 12:00

PiPuxD - Winner!

  • Race: Terran Terran
  • League: Gold
  • Spawn Location: 9:00

MattBarry - Winner!

  • Race: Zerg Zerg
  • League: Gold
  • Spawn Location: 11:00

VOD

Have the link to the VOD?

Description

Time

  • Played on: Jan. 29, 2023, 3:59 a.m.
  • Length: 9:34
Show
View Real Time Build Order
Export as new Build Order

Tazbo Protoss 

Build Orders:  

Get SALT Encoding   

  12  0:04  Probe  
  13  0:17  Probe  
  14  0:25  Pylon  
  14  0:31  Probe  
  15  0:43  Probe (Chrono Boost)  
  16  0:53  Probe (Chrono Boost)  
  17  0:57  Probe (Chrono Boost)  
  17  1:04  Pylon  
  18  1:09  Probe  
  19  1:16  Pylon  
  19  1:21  Probe  
  19  1:25  Gateway  
  20  1:27  Gateway  
  20  1:32  Gateway  
  20  1:34  Probe  
  21  1:40  Assimilator  
  21  1:44  Assimilator  
  21  1:46  Probe  
  22  1:58  Probe  
  23  2:14  Cybernetics Core  
  23  2:17  Pylon  
  23  2:29  Pylon  
  23  2:31  Pylon  
  23  2:34  Pylon  
  23  2:45  Warp Gate (Chrono Boost)  
  23  2:47  Zealot  
  23  2:48  Zealot x2  
  29  2:57  Twilight Council  
  29  3:31  Charge (Chrono Boost)  
  29  4:19  Zealot, Stalker x2  
  35  4:40  Zealot  
  35  4:42  Zealot  
  35  4:43  Stalker  
  41  5:06  Dark Shrine  
  35  5:10  Stalker x2  
  35  5:11  Stalker  
  29  5:32  Blink  
  23  5:42  Pylon  
  23  5:47  Gateway  
  23  5:51  Gateway  
  23  5:53  Gateway  
  23  5:58  Forge  
  23  6:00  Pylon  
  23  6:03  Stalker x3  
  29  6:09  Pylon  
  29  6:10  Pylon  
  29  6:11  Pylon  
  29  6:27  Dark Templar x2  
  29  6:28  Dark Templar  
  35  6:33  Protoss Ground Weapons Level 1  
  33  6:48  Zealot x3  
  32  7:00  Zealot x3  
  38  7:24  Zealot  
  38  7:25  Zealot x3  
  38  7:26  Dark Templar  
  38  7:27  Dark Templar  
  22  8:17  Zealot x4  
  22  8:18  Zealot x2  
  32  8:37  Zealot  
  32  8:38  Zealot x4  
  36  8:50  Stalker  
  38  9:00  Stalker x3  
  38  9:01  Stalker  
  38  9:02  Stalker  
  20  9:18  Dark Templar  
  20  9:23  Dark Templar  
  20  9:24  Dark Templar x3  
  20  9:25  Dark Templar  
Show
View Real Time Build Order
Export as new Build Order

Matzazz Terran 

Build Orders:  

Get SALT Encoding   

  12  0:01  SCV  
  13  0:14  SCV  
  14  0:26  SCV  
  15  0:35  Supply Depot  
  15  0:57  SCV  
  15  1:01  Barracks  
  15  1:03  Barracks  
  16  1:05  Barracks  
  16  1:18  Supply Depot  
  16  1:19  SCV  
  17  1:31  SCV  
  18  1:49  Barracks  
  18  1:51  Barracks  
  18  2:01  Orbital Command  
  18  2:03  Marine  
  18  2:04  Marine  
  20  2:08  Marine  
  21  2:21  Marine  
  21  2:22  Marine  
  22  2:23  Supply Depot  
  22  2:29  Marine  
  24  2:37  Marine  
  24  2:38  Marine  
  24  2:40  Marine  
  24  2:41  Marine  
  28  2:47  Marine  
  29  2:55  Marine  
  30  2:58  Refinery  
  30  3:03  Marine  
  30  3:04  Marine x3  
  34  3:34  Marine x4  
  34  3:35  Marine  
  39  4:20  Supply Depot  
  39  4:36  Marine x5  
  44  4:54  Marine x5  
  38  5:12  Marine x5  
  25  5:30  Marine x3  
Show
View Real Time Build Order
Export as new Build Order

RatBstrd Protoss 

Build Orders:  

Get SALT Encoding   

  12  0:01  Probe (Chrono Boost)  
  13  0:13  Probe (Chrono Boost)  
  14  0:18  Probe (Chrono Boost)  
  15  0:35  Pylon  
  15  0:40  Pylon  
  15  0:59  Gateway  
  15  1:03  Gateway  
  15  1:07  Gateway  
  15  1:10  Probe (Chrono Boost)  
  16  1:21  Probe (Chrono Boost)  
  17  1:26  Probe (Chrono Boost)  
  17  1:30  Pylon  
  18  1:37  Probe  
  19  1:40  Assimilator  
  19  1:51  Cybernetics Core  
  19  1:58  Forge  
  19  2:02  Probe  
  20  2:14  Probe  
  21  2:20  Zealot x3  
  27  2:33  Photon Cannon  
  27  2:46  Shield Battery  
  27  3:07  Photon Cannon  
  27  3:12  Pylon  
  27  3:16  Photon Cannon  
  27  3:21  Shield Battery  
  27  3:31  Twilight Council  
  27  3:43  Zealot x2 (Chrono Boost)  
  27  3:46  Zealot (Chrono Boost)  
  33  4:07  Zealot x2 (Chrono Boost)  
  37  4:11  Charge (Chrono Boost)  
  37  4:14  Zealot (Chrono Boost)  
  39  4:41  Zealot x3  
  45  4:50  Pylon  
  45  4:56  Pylon  
  45  5:03  Pylon  
  41  5:08  Zealot x3  
  33  5:35  Assimilator  
Show
View Real Time Build Order
Export as new Build Order

Alebay Protoss - Winner!

Build Orders: 1 Gate Expand 

Get SALT Encoding   

  12  0:00  Probe  
  13  0:12  Probe  
  14  0:19  Pylon  
  14  0:24  Probe  
  15  0:37  Probe  
  15  0:42  Gateway  
  16  0:47  Assimilator  
  16  0:49  Probe  
  17  1:01  Probe  
  18  1:13  Probe  
  19  1:25  Probe  
  19  1:32  Cybernetics Core  
  20  1:37  Nexus  
  20  1:40  Probe  
  20  1:46  Assimilator  
  21  1:52  Probe  
  22  1:55  Pylon  
  22  2:01  Warp Gate (Chrono Boost)  
  22  2:04  Probe  
  23  2:13  Adept  
  25  2:20  Probe  
  26  2:36  Robotics Facility  
  26  2:37  Pylon  
  26  2:40  Shield Battery  
  26  2:41  Probe  
  27  2:48  Stalker  
  29  2:59  Gateway  
  29  3:00  Probe  
  29  3:03  Probe  
  31  3:12  Probe  
  32  3:15  Probe  
  33  3:24  Probe  
  34  3:27  Immortal  
  34  3:30  Probe  
  39  3:37  Probe  
  40  3:41  Stalker  
  40  3:42  Probe  
  43  3:49  Probe  
  43  3:54  Probe  
  43  3:55  Pylon  
  45  3:59  Stalker  
  45  4:01  Probe  
  48  4:06  Pylon  
  48  4:07  Probe  
  49  4:12  Stalker  
  49  4:13  Probe  
  52  4:25  Twilight Council  
  52  4:26  Probe  
  52  4:27  Probe  
  54  4:31  Stalker  
  56  4:39  Probe x2  
  56  4:41  Assimilator  
  58  4:47  Gateway  
  58  4:48  Gateway  
  58  4:54  Stalker x2  
  62  5:24  Stalker  
  62  5:25  Stalker  
  66  5:53  Stalker x2  
  70  6:00  Pylon  
  70  6:01  Pylon  
  70  6:04  Pylon  
  70  6:05  Pylon  
  70  6:09  Pylon  
  70  6:18  Stalker  
  70  6:19  Stalker x3  
  78  6:27  Gateway  
  78  6:29  Gateway  
  78  6:30  Gateway  
  78  6:33  Gateway  
  78  6:35  Gateway, Warp Prism  
  78  6:37  Gateway  
  80  6:51  Forge  
  80  6:53  Stalker  
  80  6:54  Stalker x3  
  88  7:01  Blink (Chrono Boost)  
  88  7:22  Stalker x2  
  88  7:23  Stalker x3  
  88  7:28  Stalker x3  
  104  7:31  Observer (Chrono Boost)  
  104  7:37  Stalker x2  
  109  7:44  Pylon  
  109  7:47  Pylon  
  109  7:51  Photon Cannon  
  109  7:53  Photon Cannon  
  109  8:09  Stalker x3  
  109  8:10  Stalker x2  
  119  8:43  Stalker x3  
  125  8:56  Pylon  
  125  8:57  Pylon x2  
  125  8:58  Pylon  
  125  8:59  Pylon  
  125  9:00  Pylon  
Show
View Real Time Build Order
Export as new Build Order

PiPuxD Terran - Winner!

Build Orders: 2 Factory, Reaper Expand 

Get SALT Encoding   

  12  0:00  SCV  
  13  0:12  SCV  
  14  0:18  Supply Depot  
  14  0:24  SCV  
  15  0:39  SCV  
  15  0:41  Barracks  
  16  0:45  Refinery  
  16  0:51  SCV  
  17  1:03  SCV  
  18  1:15  SCV  
  19  1:28  Orbital Command, Reaper  
  20  1:43  Command Center  
  20  1:53  SCV  
  21  2:00  Supply Depot  
  21  2:02  Barracks Reactor  
  21  2:05  SCV  
  22  2:10  Refinery  
  22  2:18  SCV  
  23  2:24  Factory  
  23  2:30  SCV  
  24  2:39  Marine x2  
  24  2:42  SCV  
  27  2:54  SCV  
  27  2:58  Orbital Command  
  28  3:03  Marine x2  
  30  3:06  SCV  
  31  3:17  Factory  
  31  3:24  Starport  
  31  3:30  SCV  
  31  3:33  Barracks Tech Lab  
  32  3:38  SCV  
  33  3:41  Hellion x2  
  33  3:42  SCV  
  33  3:45  Supply Depot  
  38  3:50  SCV  
  38  3:54  SCV  
  39  4:02  SCV  
  40  4:05  Hellion x2  
  40  4:07  SCV  
  40  4:08  Infernal Pre-Igniter  
  45  4:10  Hellion  
  45  4:14  SCV  
  45  4:15  Supply Depot  
  48  4:19  SCV  
  49  4:25  Supply Depot  
  49  4:26  SCV  
  49  4:27  Hellion x2  
  54  4:36  Widow Mine, Liberator, SCV  
  60  4:40  SCV  
  61  4:48  SCV, Hellion x2  
  61  4:50  Supply Depot  
  60  5:30  Hellion x2, Siege Tank  
  67  5:36  SCV, Command Center, Refinery  
  67  5:37  SCV, Refinery  
  67  5:41  Armory  
  69  5:46  Starport Reactor  
  69  5:49  SCV x2  
  71  5:50  Engineering Bay  
  71  5:55  Hellion x2  
  75  6:01  SCV x2  
  77  6:09  Siege Tank  
  80  6:13  SCV x2  
  80  6:17  Hellion x2  
  86  6:21  Supply Depot x2  
  86  6:28  Terran Vehicle Weapons Level 1  
  86  6:34  Missile Turret  
  86  6:36  Missile Turret  
  86  6:38  Hellion x2  
  90  6:41  SCV x2  
  90  6:42  Siege Tank  
  95  6:48  Supply Depot  
  95  6:49  Supply Depot  
  95  6:54  Missile Turret  
  95  7:02  Liberator x2  
  95  7:04  Hellion  
  103  7:15  SCV x2  
  105  7:27  SCV x2  
  107  7:33  Planetary Fortress  
  107  7:39  SCV x2  
  107  7:42  Missile Turret  
  105  7:44  Missile Turret  
  91  8:06  Siege Tank, Hellion x2  
  91  8:09  Refinery  
  91  8:10  SCV x3, Refinery  
  101  8:21  Factory x2  
  101  8:23  Armory  
  102  8:27  SCV x3  
  104  8:37  Hellion x2  
  104  8:39  SCV x3  
  111  8:49  Siege Tank  
  111  8:51  SCV  
  115  9:03  Command Center  
  115  9:10  Factory Tech Lab x2  
  119  9:21  Supply Depot x2  
Show
View Real Time Build Order
Export as new Build Order

MattBarry Zerg - Winner!

Build Orders: Hatch First 

Get SALT Encoding   

  12  0:00  Drone  
  13  0:14  Overlord  
  13  0:18  Drone  
  14  0:30  Extractor  
  14  0:31  Drone  
  14  0:34  Drone  
  16  0:52  Hatchery  
  15  0:58  Drone  
  15  0:59  Drone  
  15  1:02  Drone  
  18  1:05  Extractor  
  17  1:20  Spawning Pool  
  17  1:22  Drone  
  17  1:29  Drone  
  17  1:31  Drone  
  19  1:41  Drone  
  20  1:53  Overlord  
  20  2:07  Zergling x4, Metabolic Boost  
  22  2:08  Queen  
  24  2:16  Queen  
  24  2:20  Drone  
  24  2:21  Drone  
  28  2:29  Drone x2  
  30  2:37  Drone  
  30  2:38  Drone  
  30  3:16  Drone x6  
  36  3:20  Baneling Nest  
  36  3:23  Lair  
  35  3:30  Drone  
  35  3:31  Overlord x2  
  36  3:43  Extractor  
  35  3:53  Roach Warren  
  35  3:55  Zergling x2  
  35  3:56  Zergling x12  
  35  4:01  Zergling x8  
  45  4:07  Drone  
  46  4:18  Baneling x4  
  46  4:19  Baneling x2  
  46  4:28  Evolution Chamber  
  45  4:36  Roach x2  
  45  4:37  Zergling x4  
  45  4:38  Zergling x2  
  52  4:39  Overlord x3  
  52  4:50  Overlord  
  52  5:05  Zergling x6  
  52  5:06  Zergling x8  
  41  5:30  Roach x2  
  41  5:31  Roach x2  
  41  5:32  Hatchery  
  48  5:48  Zergling x2  
  48  5:49  Zergling x6  
  56  5:50  Zergling x10  
  57  5:59  Zergling x4  
  57  6:27  Zergling x2  
  57  6:28  Zergling x14  
  60  6:48  Overseer  
  60  6:49  Overseer  
  55  6:59  Zergling x2  
  55  7:00  Zergling x18  
  63  7:07  Pneumatized Carapace  
  63  7:24  Queen  
  63  7:25  Queen  
  67  7:30  Roach x5  
  67  7:31  Roach, Overlord  
  67  7:32  Overlord  
  64  8:28  Roach x7  
  64  8:30  Zergling x12  
  69  8:56  Roach x3  
  69  8:59  Overlord x2  
  69  9:00  Overlord  
Tags
 
Add a new tag
Caveats
  • Supply blocks, unpowered buildings, or Contaminate may cause inaccurate times.
  • Supply counts are checked every 10 seconds.